 Dungeon Crawl Stone Soup version 0.30-a0-365-ge7f957f1db (webtiles) character file.

Game seed: 12884456618700170777

51611 Zonian the Thaumaturge (level 15, 0/103 HPs)
             Began as a Djinni Ice Elementalist on Nov 16, 2022.
             Was a Believer of Ashenzari.
             Slain by a very large slime creature (56 damage)
             ... on level 12 of the Dungeon on Nov 17, 2022.
             The game lasted 01:14:37 (21282 turns).

Zonian the Thaumaturge (Djinni Ice Elementalist)   Turns: 21282, Time: 01:14:38

Health: 0/103      AC:  9    Str: 13    XL:     15   Next: 2%
Gold:   537        EV: 22    Int: 25    God:    Ashenzari [**....] SH:  0 Dex: 22

rFire   + + +      SeeInvis +    D - +9 short sword "Upluxiciwn" {vamp, *Rage Str+6 Dex+4 SInv}
rCold   . . .      Faith    .    (no shield)
rNeg    + . .      Spirit   .    c - +1 leather armour of the Weaver {+Blink Slay+3}
rPois   ∞          Reflect  .    V - -2 hat of the Alchemist {rElec rPois rF+ rC+ rN+ Will+ rMut rCorr}
rElec   +          Harm     .    (no cloak)
rCorr   +          Rampage  .    I - +2 pair of gloves "Circumscribed Together" {Dex+5, Cun, Fort} (curse)
rMut    +          Rage     20%  (boots unavailable)
Will    ++...                    A - amulet of regeneration
Stlth   +++++.....               v - ring "Overhang to Understand" {AC+4, Cun, Evo} (curse)
HPRegen 1.17/turn                N - ring "Per Aspera Ad Scientiam" {Wiz, Fort, Melee} (curse)
MPRegen 0.00/turn

@: on berserk cooldown, flying, slowed, very slow
A: sickness immunity, fire resistance 2, cold vulnerability 1, float, innate
caster, HP casting, extra vitality 1
a: Renounce Religion, Evoke Blink, Curse Item, Shatter the Chains


You were on level 12 of the Dungeon.
You worshipped Ashenzari.
Ashenzari was pleased with you.
You visited 3 branches of the dungeon, and saw 18 of its levels.
You also visited: Sewer, Ossuary and Bailey.

You collected 1329 gold pieces.
You spent 792 gold pieces at shops.

Inventory:

Hand Weapons
 m - a +5 falchion of freezing
 n - the +10 war axe "Arcanum" {vorpal, rC- rCorr Stlth+}
   (You found it on level 9 of the Dungeon)

   It inflicts extra damage upon your enemies.
   rC:        It makes you vulnerable to cold.
   rCorr:     It protects you from acid and corrosion.
   Stlth:     It makes you more stealthy.
 o - the +2 short sword of the Scorching Saviour {antimagic, rPois}
   (You found it on level 4 of the Dungeon)

   It reduces the magical energy of the wielder, and disrupts the spells and
   magical abilities of those it strikes.
   Natural abilities and divine invocations are not affected.
   rPois:     It protects you from poison.
 u - a +0 short sword of draining
 D - the +9 short sword "Upluxiciwn" (weapon) {vamp, *Rage Str+6 Dex+4 SInv}
   (You found it on level 6 of the Dungeon)

   It occasionally heals its wielder for a portion of the damage dealt when it
   wounds a living foe.
   Str:       It affects your strength (+6).
   Dex:       It affects your dexterity (+4).
   SInv:      It lets you see invisible.
   *Rage:     It berserks you when you make melee attacks (+20% chance).
 H - a +0 trident of venom
 M - a +0 rapier
 U - a +2 dagger of holy wrath
 X - the +10 war axe of Upid {drain, Int+2}
   (You found it on level 10 of the Dungeon)

   A truly terrible weapon, it drains the life of any living foe it strikes.
   Int:       It affects your intelligence (+2).
Missiles
 j - 44 poisoned darts
 B - 4 boomerangs
 Q - a throwing net
 R - 4 silver javelins
Armour
 c - the +1 leather armour of the Weaver (worn) {+Blink Slay+3}
   (You found it on level 12 of the Dungeon)

   Slay:      It affects your accuracy & damage with ranged weapons and melee
   (+3).
   +Blink:    It lets you blink.
 z - +1 steam dragon scales
 I - the cursed +2 pair of gloves "Circumscribed Together" (worn) {Dex+5, Cun, Fort}
   (You bought it in a shop on level 2 of the Dungeon)

   Dex:       It affects your dexterity (+5).
   It has a curse which improves the following skills: Cunning: Dodging and
   Stealth.
   Fortitude: Armour and Shields.
 V - the -2 hat of the Alchemist (worn) {rElec rPois rF+ rC+ rN+ Will+ rMut rCorr}
   (You bought it in a shop on level 2 of the Dungeon)

   rF:        It protects you from fire.
   rC:        It protects you from cold.
   rElec:     It insulates you from electricity.
   rPois:     It protects you from poison.
   rN:        It protects you from negative energy.
   rCorr:     It protects you from acid and corrosion.
   rMut:      It protects you from mutation.
   Will:      It increases your willpower.
Jewellery
 v - the cursed ring "Overhang to Understand" (left hand) {AC+4, Cun, Evo}
   (You found it on level 4 of the Dungeon)

   [ring of protection]

   AC:        It affects your AC (+4).
   It has a curse which improves the following skills: Cunning: Dodging and
   Stealth.
   Evocations: Evocations.
 A - an amulet of regeneration (around neck)
 N - the cursed ring "Per Aspera Ad Scientiam" (right hand) {Wiz, Fort, Melee}
   (You found it on level 8 of the Dungeon)

   [ring of wizardry]

   It improves your spell success rate.
   It has a curse which improves the following skills: Fortitude: Armour and
   Shields.
   Melee Combat: Short Blades, Long Blades, Axes, Maces & Flails, Polearms,
   Staves and Unarmed Combat.
 O - a ring of fire
 T - a +6 ring of intelligence
Wands
 g - a wand of charming (20)
 l - a wand of light (4)
 y - a wand of digging (2)
 C - a wand of roots (20)
 F - a wand of polymorph (12)
 K - a wand of mindburst (7)
 S - a wand of flame (8)
Scrolls
 a - 3 scrolls of magic mapping
 f - a scroll of blinking
 h - 5 scrolls of teleportation
 w - 5 scrolls of poison
 E - 2 scrolls of fear
 L - 3 scrolls of enchant weapon
 W - 2 scrolls of summoning
 Y - a scroll of fog
 Z - a scroll of enchant armour
Potions
 b - 2 potions of invisibility
 e - 6 potions of brilliance
 p - 5 potions of ambrosia
 q - 17 potions of degeneration
 r - 2 potions of haste
 s - 7 potions of curing
 t - a potion of resistance
 x - 5 potions of heal wounds
 J - a potion of cancellation


   Skills:
 + Level 7.9 Fighting
 - Level 8.3(9.6) Short Blades
 - Level 11.8(13.7) Dodging
 - Level 9.9(11.8) Stealth
 - Level 12.0 Spellcasting
 + Level 7.9(9.2) Evocations


You had 2 spell levels left.
You knew the following spells:

 Your Spells              Type           Power      Damage    Failure   Level
a - Freeze                Ice            100%       1d10      1%          1
b - Frozen Ramparts       Ice            100%       1d16      1%          3
c - Ozocubu's Armour      Ice            66%        N/A       1%          3
d - Summon Ice Beast      Ice/Summ       66%        N/A       1%          4
e - Sandblast             Erth           100%       2d20      1%          1
f - Static Discharge      Conj/Air       100%       2-7/arc   1%          2
g - Spider Form           Tmut/Pois      66%        N/A       1%          3
h - Animate Armour        Summ/Erth      100%       N/A       1%          4
i - Fulminant Prism       Conj/Hex       33%        3d15      1%          4
j - Summon Forest         Summ/Tloc      33%        N/A       1%          5
k - Eringya's Noxious Bo  Tmut/Pois      33%        N/A       2%          6
Your spell library was empty.

Dungeon Overview and Level Annotations

Branches:
Dungeon (12/15)            Temple (1/1) D:6            Lair (5/5) D:8
 Shoals (0/4) Lair:2       Spider (0/4) Lair:3        Slime (0/5) Lair:4
  Sewer (visited)         Ossuary (visited)          Bailey (visited)
    Orc: D:9-12

Altars:
Ashenzari
Cheibriados
Dithmenos
Elyvilon
Fedhas
Gozag
Hepliaklqana
Makhleb
Nemelex Xobeh
Okawaru
Qazlal
Ru
Trog
Uskayaw
Wu Jian
Xom
Yredelemnul
Zin
The Shining One
Jiyva

Shops:
D:2 [   D:7 *   D:8 =

Annotations:
D:2 Natasha
D:8 1 runed translucent door, hgbash's ghost, novice MiBe
D:9 2 transporters, garrulousMonolith's ghost, novice GnRe
D:10 4 transporters


Innate Abilities, Weirdness & Mutations

You are immune to sickness and miasma.
You are immune to poison.
Your flesh is very heat resistant. (rF++)
You are vulnerable to cold. (rC-)
You float through the air rather than walking.
You learn spells naturally, not from books.
Your magical power is your life essence.
You have superior vitality. (+4 MHP)


Message History

The large slime creature is heavily wounded.
You puncture the large slime creature!
The large slime creature is heavily wounded.
The large slime creature hits you.
Two slime creatures merge to form a very large slime creature.
You hit the very large slime creature.
You feel better.
The very large slime creature is moderately wounded.
Unknown command.
Casting: Sandblast (safe; 1% risk of failure)
Confirm with . or Enter, or press ? or * to list all spells.
Aiming: Sandblast (safe; 1% risk of failure)
Press: ? - help, Shift-Dir - straight line, f - very large slime creature
Aim: a very large slime creature (moderately wounded, 97% to hit)
The blast of sand hits the very large slime creature!!
The very large slime creature is heavily wounded.
The very large slime creature closely misses you.
The very large slime creature hits you!!!
Okay, then.
Aiming: Fastroot
Press: ? - help, Shift-Dir - straight line, f - you, p - very large slime creature The roots erupt in riotous growth!
The very large slime creature is unaffected.
The very large slime creature misses you.
Unknown command.
Aiming: Bolt of Light
Press: ? - help, Shift-Dir - straight line, f - very large slime creature
Aim: a very large slime creature (heavily wounded, 94% to hit)
The bolt of light hits the very large slime creature!!
The very large slime creature is severely wounded.
The very large slime creature closely misses you.
The very large slime creature misses you.
Casting: Sandblast (safe; 1% risk of failure)
Confirm with . or Enter, or press ? or * to list all spells.
The very large slime creature barely misses you.
The very large slime creature hits you!
Unknown command.
The very large slime creature attacks as you move away!
The very large slime creature hits you!!!
Ouch! That really hurt!
You die...

** + , , , , 8, * , ,
,*** , * ,,, , , ,,*
,, , , * ####+# , , ,
,* #..[.# * #
########....###.#
*#......'...@J...#
###########.#...######
..................#
####.######.#####.#
#.................#
#.###.##..##..########
#.#
#.>...............,
#.##########..########
..........))..########


You could see a very large slime creature (ally target) and a friendly animated
leather armour (summoned).

Vanquished Creatures
  A vampire knight (D:12)
  An ettin (D:12)
  A fire dragon (Lair:5)
  A yaktaur captain (D:12)
  A hydra (Lair:5)
  A vault guard (Bailey)
  A two-headed ogre (D:12)
  9 death yaks
  A swamp dragon (Lair:5)
  2 wolf spiders (Lair:5)
  A manticore (D:8)
  3 cyclopes
  5 elephants (Lair:5)
  5 black mambas
  A guardian serpent (Lair:5)
  11 cane toads
  A gargoyle (D:10)
  7 rime drakes
  A yaktaur (D:12)
  2 unseen horrors
  9 komodo dragons
  A troll (D:11)
  3 hornets
  A polar bear (Lair:5)
  13 blink frogs
  Prince Ribbit (Bailey)
  2 slime creatures (D:12)
  3 culicivoras (Lair:3)
  A shadow (D:9)
  47 yaks
  A wraith (D:11)
  10 wyverns
  5 basilisks
  3 humans (Bailey)
  12 steam dragons
  9 vampire mosquitoes
  4 redbacks (Lair:5)
  Menkaure (D:7)
  19 water moccasins
  3 acid dragons
  An orc warrior (D:7)
  2 swamp drakes (Lair:5)
  A sky beast (D:7)
  4 black bears
  6 wolves
  4 centaurs
  2 kobold brigands
  An elf zombie (Ossuary)
  A necrophage (D:4)
  A gnoll sergeant (D:9)
  16 bullfrogs
  5 scorpions
  3 wights (D:7)
  3 killer bees (D:10)
  An electric eel (D:8)
  4 howler monkeys
  A jelly (D:6)
  A centaur zombie (Ossuary)
  3 hounds
  A gnoll bouda (D:7)
  4 orc priests
  2 human zombies (Ossuary)
  9 iguanas
  Ijyb (D:3)
  6 orc wizards
  8 hell rats
  3 mummies
  11 gnolls
  10 adders
  2 shadow imps (D:5)
  A white imp (D:5)
  4 ufetubi
  4 adder zombies (Ossuary)
  6 worms
  4 dart slugs
  30 orcs
  2 bats (D:2)
  6 endoplasms
  8 giant cockroaches
  9 hobgoblins
  3 jackals (D:3)
  3 quokkas
  7 ball pythons
  5 frilled lizards
  7 goblins
  10 hobgoblin zombies
  2 jackal zombies (Ossuary)
  21 kobolds
  12 kobold zombies
  6 orc zombies (Ossuary)
  9 rats
480 creatures vanquished.

Vanquished Creatures (collateral kills)
  A fire dragon (Lair:4)
  A hydra (Lair:4)
  3 rime drakes (Lair:4)
  2 yaks (Lair:2)
  A steam dragon (Lair:4)
  A hobgoblin (Bailey)
  A bush (Lair:4)
10 creatures vanquished.

Vanquished Creatures (others)
  An iguana (Lair:5)
  5 fulminant prisms
  42 fungi
  81 plants
  2 withered plants (D:8)
131 creatures vanquished.

Grand Total: 621 creatures vanquished

Notes
Turn   | Place    | Note
-------+----------+-------------------------------------------
     0 | D:1      | Zonian the Djinni Ice Elementalist began the quest for the
                  | Orb.
     0 | D:1      | Zonian set off with the following spells memorised: Freeze,
                  | Frozen Ramparts, Ozocubu's Armour, Summon Ice Beast.
     0 | D:1      | Reached XP level 1. HP: 15/15 MP: 0/0
    67 | D:1      | You are sucked into a shaft and drop 1 floor!
   236 | D:2      | Reached XP level 2. HP: 15/21 MP: 0/0
   519 | D:1      | Reached XP level 3. HP: 24/25 MP: 0/0
   519 | D:1      | Learned a level 1 spell: Sandblast
  1205 | D:2      | Noticed Natasha
  1535 | D:2      | Reached XP level 4. HP: 31/31 MP: 0/0
  1768 | D:2      | Found Igooru's Armour Boutique.
  2726 | D:3      | Noticed Ijyb
  2738 | D:3      | Killed Ijyb
  2739 | D:3      | Reached XP level 5. HP: 18/35 MP: 0/0
  2739 | D:3      | Learned a level 2 spell: Static Discharge
  2743 | D:3      | Found a glowing drain.
  2752 | Sewer    | Entered a sewer
  3744 | D:4      | Reached skill level 4 in Spellcasting
  3827 | D:4      | Identified the +2 short sword of the Scorching Saviour
                  | {antimagic, rPois}
  3954 | D:4      | Reached XP level 6. HP: 34/40 MP: 0/0
  4298 | D:4      | Reached XP level 7. HP: 28/45 MP: 0/0
  4298 | D:4      | Learned a level 3 spell: Spider Form
  4371 | D:4      | Found a bloodstained altar of Trog.
  4851 | D:5      | Entered Level 5 of the Dungeon
  4860 | D:5      | Reached skill level 5 in Dodging
  5024 | D:5      | Reached XP level 8. HP: 8/50 MP: 0/0
  5578 | D:5      | Reached skill level 5 in Spellcasting
  5678 | D:5      | Reached skill level 5 in Stealth
  6237 | D:6      | Reached XP level 9. HP: 18/55 MP: 0/0
  6237 | D:6      | Learned a level 4 spell: Animate Armour
  6662 | D:6      | Found a staircase to the Ecumenical Temple.
  6691 | Temple   | Entered the Ecumenical Temple
  6728 | Temple   | Became a worshipper of Ashenzari the Shackled
  6926 | D:6      | Reached skill level 6 in Spellcasting
  7038 | D:6      | Identified the +9 short sword "Upluxiciwn" {vamp, *Rage
                  | Str+6 Dex+4 SInv}
  7300 | D:7      | Found Zaifalal's Assorted Antiques.
  7390 | D:7      | Found a sand-covered staircase.
  7414 | Ossuary  | Entered an ossuary
  7999 | D:7      | Found a blossoming altar of Fedhas.
  8003 | D:7      | Found a sacrificial altar of Ru.
  8048 | D:7      | Noticed Menkaure
  8061 | D:7      | Killed Menkaure
  8167 | D:7      | Reached XP level 10. HP: 60/60 MP: 0/0
  8703 | D:2      | Bought the +2 pair of gloves of the Wumpus {Dex+5} for 320
                  | gold pieces
  8713 | D:2      | Upgraded the game from 0.30-a0-364-gf6b3ef1049 to
                  | 0.30-a0-365-ge7f957f1db
  8815 | D:8      | Found a shimmering altar of Xom.
  8815 | D:8      | Found a shimmering altar of Xom.
  8815 | D:8      | Found a shimmering altar of Xom.
  8848 | D:8      | Found Kajos's Jewellery Shop.
  8871 | D:8      | Reached skill level 7 in Spellcasting
  8871 | D:8      | Reached * piety under Ashenzari
  8924 | D:8      | Identified the +8 chain mail of the Crypt {rPois Will-
                  | rCorr}
  9082 | D:8      | Reached skill level 1 in Short Blades
  9111 | D:8      | Found a staircase to the Lair.
  9269 | D:8      | Found a runed translucent door.
  9269 | D:8      | Noticed hgbash's ghost (novice MiBe)
  9366 | D:8      | Noticed a manticore
  9371 | D:8      | Killed a manticore
  9686 | D:9      | Found a flagged portal.
  9696 | Bailey   | Entered a bailey
  9938 | Bailey   | Reached XP level 11. HP: 65/65 MP: 0/0
  9938 | Bailey   | Learned a level 4 spell: Fulminant Prism
  9950 | Bailey   | Reached skill level 10 in Dodging
  9956 | Bailey   | Noticed a vault guard
  9957 | Bailey   | Noticed Prince Ribbit
  9971 | Bailey   | Killed a vault guard
  9974 | Bailey   | Killed Prince Ribbit
 10055 | Bailey   | Noticed a vault guard
 10226 | D:9      | Reached ** piety under Ashenzari
 10323 | D:9      | Found an opulent altar of Gozag.
 10325 | D:9      | Noticed a cyclops
 10332 | D:9      | Killed a cyclops
 10363 | D:9      | Identified the +10 war axe "Arcanum" {vorpal, rC- rCorr
                  | Stlth+}
 10389 | D:9      | Reached skill level 8 in Spellcasting
 10403 | D:9      | Found a transporter.
 10404 | D:9      | Noticed a two-headed ogre
 10409 | D:9      | Noticed garrulousMonolith's ghost (novice GnRe)
 10410 | D:9      | Noticed a two-headed ogre
 10411 | D:9      | Noticed a two-headed ogre
 10411 | D:9      | Noticed a two-headed ogre
 10412 | D:9      | Noticed a two-headed ogre
 10493 | Lair:1   | Entered Level 1 of the Lair of Beasts
 10712 | Lair:1   | Reached skill level 5 in Short Blades
 10835 | Lair:1   | Noticed a catoblepas
 11375 | Lair:1   | Reached XP level 12. HP: 56/70 MP: 0/0
 12086 | Lair:2   | Found a staircase to the Shoals.
 13429 | Lair:3   | Noticed a death yak
 13578 | Lair:3   | Noticed a catoblepas
 13578 | Lair:3   | Noticed a catoblepas
 13719 | Lair:3   | Found a hole to the Spider Nest.
 13759 | Lair:3   | Noticed a death yak
 13759 | Lair:3   | Noticed a death yak
 13765 | Lair:3   | Noticed a death yak
 13767 | Lair:3   | Noticed a death yak
 13898 | Lair:3   | Killed a death yak
 13899 | Lair:3   | Reached skill level 9 in Spellcasting
 14312 | Lair:4   | Found a viscous altar of Jiyva.
 14313 | Lair:4   | Found a staircase to the Slime Pits.
 14333 | Lair:4   | Reached *** piety under Ashenzari
 14750 | Lair:4   | Reached XP level 13. HP: 52/75 MP: 0/0
 14750 | Lair:4   | Learned a level 5 spell: Summon Forest
 14909 | Lair:4   | Noticed a seven-headed hydra
 14919 | Lair:4   | Killed a seven-headed hydra
 15476 | Lair:4   | Reached skill level 10 in Spellcasting
 15828 | Lair:4   | Noticed a fire dragon
 16210 | Lair:4   | Killed a fire dragon
 16476 | D:2      | Bought the -2 hat of the Alchemist {rElec rPois rF+ rC+ rN+
                  | Will+ rMut rCorr} for 472 gold pieces
 16476 | D:2      | Found the -2 hat of the Alchemist {rElec rPois rF+ rC+ rN+
                  | Will+ rMut rCorr}
 16673 | Lair:3   | Reached skill level 11 in Spellcasting
 16909 | Lair:5   | Entered Level 5 of the Lair of Beasts
 17123 | Lair:5   | Reached skill level 12 in Spellcasting
 17230 | Lair:5   | Reached skill level 1 in Fighting
 17230 | Lair:5   | Reached skill level 1 in Evocations
 17241 | Lair:5   | Reached XP level 14. HP: 83/83 MP: 0/0
 17849 | Lair:5   | Reached skill level 5 in Fighting
 17857 | Lair:5   | Reached skill level 5 in Evocations
 19601 | D:9      | Found a transporter.
 19649 | D:10     | Entered Level 10 of the Dungeon
 19649 | D:10     | Identified the +10 war axe of Upid {drain, Int+2}
 19663 | D:10     | Found a white marble altar of Elyvilon.
 19894 | D:10     | Found a transporter.
 19898 | D:10     | Found a transporter.
 19898 | D:10     | Found a transporter.
 19957 | D:10     | Found a transporter.
 20096 | D:10     | Found an ornate altar of the Wu Jian Council.
 21150 | D:12     | Noticed a vampire knight
 21150 | D:12     | Identified the +1 leather armour of the Weaver {+Blink
                  | Slay+3}
 21156 | D:12     | Killed a vampire knight
 21175 | D:12     | Reached XP level 15. HP: 103/103 MP: 0/0
 21175 | D:12     | Learned a level 6 spell: Eringya's Noxious Bog
 21282 | D:12     | Slain by a very large slime creature

Illustrated notes

Levels and vault maps discovered:
D:1:      zelgadis_glass_arrival_small, layout_basic, dreamdust_wishing_well
D:2:      layout_loops_ring, serial_shops,
          nicolae_shop_temple_entry_statues_fountains, grunt_ministairs_12,
          uniq_natasha
D:3:      layout_basic, cheibrodos_sewer_entry_bend, uniq_ijyb
D:4:      layout_rooms, lemuel_round_altar, hangedman_minor_gate_pass
D:5:      minmay_chambers_of_threes, layout_cave_pools, nrook_pool_corridor
D:6:      layout_loops_ring, minmay_temple_entry_arrows
D:7:      layout_rooms, grunt_temple_overflow_open, serial_shops,
          nicolae_shop_advertising_works [nicolae_subvault_shop_adworks],
          nicolae_ossuary_entry_giza, uniq_menkaure
D:8:      layout_basic, xom_redecorated, lair_entry_dummy,
          gammafunk_ghost_grave, nicolae_wooded_promenade
D:9:      layout_roguey, nicolae_gozag_seed_capital, enter_bailey_7,
          gammafunk_ghost_smash
D:10:     layout_gridville, elyvilon_altar_4, mainiacjoe_overflow_brackets,
          nicolae_diode_intersection
D:11:     layout_long_grid, grunt_decor_resistance, led_sif_pool
D:12:     minmay_glassy_protrusions, layout_basic, david_orc_1_choice
Temple:   hellmonk_temple_of_storms
Lair:1:   layout_roguey, uniq_prince_ribbit2
Lair:2:   layout_cellular_growth, shoals_dummy_entry, fungi_pond_lemuel
Lair:3:   nzn_motion_control, layout_gridlike,
          hellmonk_spider_entry_life_and_decay
Lair:4:   layout_long_grid, slime_entry_1, bobbens_dragon_lair_wall
Lair:5:   hangedman_lair_tendril_chambers, layout_regular_city,
          guppyfry_lair_end_dragon, chequers_serial_rivers_small_b

Skill      XL: |  1  2  3  4  5  6  7  8  9 10 11 12 13 14 |
---------------+-------------------------------------------+-----
Stealth        | 2 3 4 5 7 8 9 |  9.9
Dodging        | 3 4 5 6 8 9 11 | 11.8
Spellcasting   | 4 5 6 7 8 9 12 | 12.0
Short Blades   | 3 5 7 8 |  8.3
Fighting       | 1 7 |  7.9
Evocations     | 1 7 |  7.9

Action                   |  1- 3 |  4- 6 |  7- 9 | 10-12 | 13-15 || total
-------------------------+-------+-------+-------+-------+-------++-------
Melee: Unarmed           |     5 |       |       |       |       ||     5
       Dagger            |     5 |    93 |   117 |       |       ||   215
       Punch             |       |     1 |     3 |    10 |     9 ||    23
       Short sword       |       |       |   116 |   342 |   699 ||  1157
Throw: Dart              |       |       |       |     2 |       ||     2
       Boomerang         |       |       |       |     2 |     1 ||     3
 Cast: Freeze            |    38 |    59 |    38 |       |       ||   135
       Sandblast         |       |    22 |    20 |    15 |    37 ||    94
       Frozen Ramparts   |       |     3 |    10 |    17 |     9 ||    39
       Static Discharge  |       |     5 |    19 |    29 |    21 ||    74
       Ozocubu's Armour  |       |       |     1 |    20 |     8 ||    29
       Summon Ice Beast  |       |       |       |     1 |     2 ||     3
       Animate Armour    |       |       |       |     3 |     4 ||     7
       Fulminant Prism   |       |       |       |     1 |     4 ||     5
       Summon Forest     |       |       |       |       |     5 ||     5
Invok: Curse Item        |       |       |     1 |     3 |       ||     4
       Shatter the Chain |       |       |       |       |     1 ||     1
Evoke: Wand              |       |       |     3 |     8 |    13 ||    24
  Use: Potion            |       |     2 |     2 |     1 |     4 ||     9
       Scroll            |       |    11 |    11 |     6 |     4 ||    32
 Stab: Sleeping          |     1 |     5 |     6 |    12 |    14 ||    38
       Distracted        |       |       |     1 |     2 |     2 ||     5
       Invisible         |       |       |     1 |     2 |     1 ||     4
Armor: Robe              |     3 |    37 |    41 |       |       ||    81
       Steam dragon scal |       |       |   123 |    72 |   104 ||   299
Dodge: Dodged            |    24 |   110 |   327 |   253 |   515 ||  1229

Table legend: (Time is in decaauts)
 A = Elapsed time spent in this place.
 B = Non-inter-level travel time spent in this place.
 C = Inter-level travel time spent in this place.
 D = Time resting spent in this place.
 E = Time spent auto-exploring this place.
 F = Levels seen in this place.
 G = Mean time per level.
                   A        B        C        D        E       F      G
               +--------+--------+--------+--------+--------+-----+--------+
         Total |  21505 |  20384 |   1121 |   5978 |   8095 |  21 | 1024.0 |
       Dungeon |  10891 |  10294 |    597 |   2087 |   5473 |  12 |  907.6 |
        Temple |     46 |     37 |      9 |      0 |     22 |   1 |   46.0 |
          Lair |   8867 |   8353 |    514 |   3126 |   2281 |   5 | 1773.4 |
         Sewer |    721 |    721 |      0 |    358 |    248 |   1 |  721.0 |
       Ossuary |    571 |    571 |      0 |    218 |     50 |   1 |  571.0 |
        Bailey |    406 |    406 |      0 |    188 |     21 |   1 |  406.0 |
               +--------+--------+--------+--------+--------+-----+--------+

Top non-repeatable levels by time:
  Lair:5: 2416 daAuts
  Lair:4: 2065 daAuts
  Lair:1: 1589 daAuts
     D:2: 1509 daAuts
  Lair:2: 1460 daAuts
  Lair:3: 1336 daAuts
     D:5: 1268 daAuts
     D:6: 1228 daAuts
     D:4: 1183 daAuts
     D:1: 1003 daAuts
     D:7: 938 daAuts
     D:8: 901 daAuts
    D:11: 788 daAuts
   Sewer: 721 daAuts
     D:9: 636 daAuts
